Map: Romanticide LE

Players

ViBE - Winner!

  • Race: Zerg Zerg
  • League: Gold
  • Spawn Location: 11:00

PeePee

  • Race: Protoss Protoss
  • League: Master
  • Spawn Location: 5:00

VOD

Have the link to the VOD?

Description

Time

  • Played on: March 20, 2021, 6:17 p.m.
  • Length: 13:44
Show
View Real Time Build Order
Export as new Build Order

ViBE Zerg - Winner!

Build Orders: Hatch First 

Get SALT Encoding   

  12  0:00  Drone  
  13  0:14  Overlord  
  13  0:18  Drone  
  14  0:32  Drone x2  
  16  0:51  Hatchery  
  16  0:52  Drone  
  16  0:58  Drone  
  16  0:59  Drone  
  18  1:14  Spawning Pool  
  18  1:16  Drone  
  18  1:20  Drone  
  19  1:29  Drone  
  20  1:36  Extractor  
  19  1:57  Overlord  
  19  2:04  Queen  
  19  2:07  Queen  
  23  2:08  Drone  
  23  2:09  Drone x2  
  26  2:21  Spine Crawler x2  
  24  2:23  Spine Crawler  
  24  2:28  Zergling x4  
  25  2:30  Zergling x2  
  25  2:32  Zergling x2  
  25  2:35  Zergling x2  
  28  2:38  Zergling x2  
  28  2:56  Zergling x6  
  31  3:13  Drone x3  
  31  3:19  Drone x2  
  35  3:27  Overlord  
  35  3:28  Overlord x2  
  35  3:50  Drone x5  
  40  3:57  Overlord  
  40  4:02  Drone x3  
  43  4:14  Drone x5  
  43  4:16  Lair  
  48  4:22  Drone  
  49  4:26  Overlord  
  49  4:32  Extractor  
  49  4:34  Drone  
  49  4:35  Drone x4  
  49  4:36  Extractor  
  52  4:39  Queen  
  52  4:45  Hatchery  
  53  4:48  Overlord x2  
  53  4:53  Drone x2  
  53  4:59  Overlord  
  55  5:01  Drone  
  55  5:04  Drone  
  55  5:05  Drone x2  
  59  5:10  Drone  
  59  5:12  Drone x4  
  64  5:27  Hydralisk Den  
  64  5:28  Evolution Chamber  
  62  5:34  Roach Warren  
  62  5:35  Drone  
  62  5:36  Drone x6  
  68  5:44  Drone  
  68  5:45  Drone x2  
  71  5:55  Zerg Missile Weapons Level 1  
  71  5:57  Grooved Spines  
  71  5:58  Drone x4  
  75  6:04  Drone  
  75  6:05  Drone x3  
  75  6:08  Extractor  
  75  6:09  Extractor  
  77  6:17  Overlord x2  
  77  6:20  Drone  
  77  6:21  Drone  
  77  6:23  Hatchery, Overlord  
  77  6:24  Overlord x2  
  78  6:26  Hydralisk  
  80  6:33  Hydralisk x7  
  80  6:38  Queen  
  94  6:40  Hydralisk  
  94  6:44  Queen  
  98  6:51  Hydralisk  
  98  6:52  Hydralisk x3  
  98  6:53  Hydralisk  
  108  7:03  Overlord x2  
  108  7:09  Extractor  
  107  7:16  Hydralisk x3  
  107  7:17  Hydralisk x5  
  107  7:19  Overlord  
  123  7:35  Drone x4  
  123  7:36  Drone x4  
  131  7:37  Drone  
  131  7:38  Drone x4  
  136  7:46  Drone  
  136  7:47  Drone x2  
  136  7:51  Drone x2  
  141  7:52  Muscular Augments  
  141  7:55  Evolution Chamber  
  141  7:56  Zerg Missile Weapons Level 2  
  140  7:59  Drone x3  
  143  8:09  Drone x3  
  143  8:12  Extractor  
  145  8:14  Extractor, Hatchery  
  145  8:15  Drone  
  144  8:20  Overlord x2  
  144  8:22  Overlord x2  
  144  8:23  Hydralisk x5  
  154  8:49  Infestation Pit  
  153  8:56  Hydralisk  
  153  8:57  Hydralisk x11  
  177  9:19  Hydralisk  
  177  9:20  Hydralisk x3  
  184  10:33  Hydralisk x7  
  198  10:55  Zerg Ground Armor Level 1  
  198  10:57  Hive  
  195  11:29  Lurker Den  
  153  12:01  Hydralisk x15  
  153  12:02  Hydralisk x8  
  153  12:04  Drone  
  200  12:12  Unknown  
  195  12:22  Hatchery  
  190  12:29  Hydralisk x6  
  194  12:31  Overseer x2  
  194  12:34  Seismic Spines  
Show
View Real Time Build Order
Export as new Build Order

PeePee Protoss 

Build Orders: Carriers 

Get SALT Encoding   

  12  0:11  Pylon  
  12  0:13  Probe (Chrono Boost)  
  13  0:22  Probe (Chrono Boost)  
  13  0:27  Probe (Chrono Boost)  
  15  0:37  Forge  
  15  0:43  Probe  
  16  0:52  Assimilator  
  16  0:57  Assimilator  
  16  1:05  Probe  
  17  1:14  Pylon  
  17  1:17  Probe  
  18  1:24  Gateway  
  18  1:29  Probe  
  18  1:30  Assimilator  
  19  1:38  Assimilator  
  19  1:46  Photon Cannon  
  19  1:51  Probe  
  20  2:03  Probe  
  21  2:08  Photon Cannon  
  21  2:20  Photon Cannon  
  21  2:24  Probe (Chrono Boost)  
  22  2:36  Probe (Chrono Boost)  
  23  2:41  Probe (Chrono Boost)  
  23  2:43  Photon Cannon  
  23  3:04  Cybernetics Core  
  23  3:08  Pylon  
  23  3:42  Stargate x2  
  23  3:51  Stalker  
  25  4:00  Shield Battery  
  25  4:09  Photon Cannon  
  25  4:17  Nexus  
  25  4:26  Void Ray (Chrono Boost)  
  25  4:30  Pylon  
  29  4:39  Void Ray (Chrono Boost)  
  33  4:57  Pylon  
  33  5:07  Photon Cannon  
  33  5:20  Shield Battery  
  33  5:34  Probe x2  
  35  5:46  Probe x2  
  35  5:49  Pylon  
  37  5:58  Probe x2  
  39  6:04  Assimilator  
  39  6:07  Assimilator  
  39  6:10  Probe (Chrono Boost)  
  41  6:11  Probe (Chrono Boost)  
  41  6:16  Photon Cannon  
  41  6:22  Probe (Chrono Boost)  
  41  6:23  Probe (Chrono Boost), Oracle  
  46  6:30  Probe x2 (Chrono Boost)  
  48  6:36  Probe  
  49  7:05  Oracle x2 (Chrono Boost)  
  49  7:07  Probe x2  
  57  7:19  Probe x2  
  59  7:29  Pylon  
  59  7:31  Probe x2  
  59  7:33  Pylon  
  59  7:36  Protoss Air Armor Level 1  
  61  7:40  Stargate  
  61  7:41  Stargate  
  61  7:43  Probe  
  61  7:44  Stargate  
  62  7:47  Probe  
  62  7:48  Nexus  
  63  7:55  Probe  
  63  7:56  Assimilator  
  64  7:59  Probe  
  64  8:01  Assimilator  
  64  8:04  Oracle  
  68  8:07  Oracle  
  68  8:08  Probe  
  68  8:11  Probe  
  73  8:20  Probe  
  73  8:23  Probe  
  73  8:25  Fleet Beacon  
  73  8:26  Oracle  
  78  8:47  Pylon  
  78  8:48  Pylon  
  78  8:49  Pylon  
  78  8:51  Pylon  
  78  8:59  Oracle (Chrono Boost)  
  81  9:04  Pylon x2  
  81  9:07  Carrier (Chrono Boost)  
  87  9:18  Probe x2  
  87  9:19  Probe  
  90  9:24  Shield Battery  
  90  9:26  Photon Cannon  
  90  9:34  Carrier  
  96  9:55  Carrier  
  96  9:58  Carrier  
  108  10:06  Robotics Facility  
  108  10:24  Carrier  
  114  10:29  Carrier  
  120  10:43  Void Ray  
  120  10:45  Protoss Air Weapons Level 1  
  124  10:53  Void Ray  
  124  10:59  Photon Cannon  
  124  11:01  Photon Cannon  
  80  11:51  Carrier x2  
  80  11:52  Carrier  
  91  12:05  Carrier  
  92  12:33  Carrier  
Tags
 
Composition
Carriers
Matchup
PvZ
Player
ViBE
Replay Pack
Gold_League
Spawn Locations
Cross Positions
Add a new tag
Caveats
  • Supply blocks, unpowered buildings, or Contaminate may cause inaccurate times.
  • Supply counts are checked every 10 seconds.